 Dungeon Crawl Stone Soup version 0.17-a0-1-g1f4be75 (webtiles) character file.

21 timbw the Caller (level 2, -2/11 HPs)
             Began as a Felid Summoner on Mar 4, 2015.
             Slain by an ogre
             ... wielding a +0 giant club
              (9 damage)
             ... on level 5 of the Dungeon.
             The game lasted 00:03:49 (618 turns).

timbw the Caller (Felid Summoner)                    Turns: 618, Time: 00:03:49

Health: -2/11      AC:  1    Str:  4    XL:     2   Next: 65%
Magic:  0/5        EV: 18    Int: 16    God:
Gold:   88         SH:  0    Dex: 16    Spells: 2 memorised, 2 levels left
                                        Lives:  0   Deaths: 0

rFire  . . .     SeeInvis +     (weapon unavailable)
rCold  . . .     Clarity  .     (armour unavailable)
rNeg   . . .     SustAb   .     (shield unavailable)
rPois  .         Gourm    .     (helmet unavailable)
rElec  .         Spirit   .     (cloak unavailable)
rCorr  +         Warding  .     (gloves unavailable)
rMut   .         Stasis   .     (boots unavailable)
MR     .....                    a - amulet of resist corrosion
Stlth  ++++......               (no ring)
                                e - ring of stealth

@: quick, not resistant to hostile enchantments, stealthy
A: paw claws, no armour, no weapons or thrown items, fangs 3, see invisible,
carnivore 3, speed 1, shaggy fur 1, slow metabolism 1, sharp paws
a: no special abilities


You were on level 5 of the Dungeon.
You were not hungry.

You visited 1 branch of the dungeon, and saw 5 of its levels.

You collected 88 gold pieces.

Inventory:

Jewellery
 a - an amulet of resist corrosion (around neck)
 e - a ring of stealth (left paw)
Scrolls
 d - a scroll of random uselessness {unknown}
 g - 3 scrolls of identify {unknown}
 i - a scroll of enchant weapon {unknown}
 j - 2 scrolls of immolation {unknown}
 k - a scroll of recharging {unknown}
Potions
 h - 2 potions of curing {unknown}
 l - a potion of magic {unknown}
Books
 b - a book of Callings

   Spells                             Type                      Level
   a - Summon Small Mammal            Summoning                    1
   b - Call Imp                       Summoning                    2
   c - Call Canine Familiar           Summoning                    3
   d - Summon Guardian Golem          Hexes/Summoning              4
   e - Summon Lightning Spire         Summoning/Air                4
   f - Summon Ice Beast               Ice/Summoning                4
Comestibles
 c - a meat ration
 f - 2 chunks of flesh


   Skills:
 - Level 2.6 Dodging
 - Level 2.6 Stealth
 - Level 2.0 Spellcasting
 + Level 4.8 Summonings


You had 2 spell levels left.
You knew the following spells:

 Your Spells              Type           Power        Failure   Level  Hunger
a - Summon Small Mammal   Summ           ###.         3%          1    #......
b - Call Imp              Summ           ###.....     6%          2    ###....


Dungeon Overview and Level Annotations

Branches:
Dungeon (5/15)
 Temple: D:4-7

Altars:

Annotations:
D:3 Sigmund


Innate Abilities, Weirdness & Mutations

You cannot wear armour.
You are incapable of wielding weapons or throwing items.
You have razor-sharp teeth.
You have supernaturally acute eyesight.
You are carnivorous and can eat meat at any time.
You cover ground quickly.
You are covered in fur (AC +1).
You have a slow metabolism.
Your paws have sharp claws that are effective at stabbing.


Message History

The rat dies!
Your magical contamination has completely faded away.
You swap places.
You see here a rat corpse.
You butcher the rat corpse.
f - 2 chunks of flesh (gained 1)
An ogre comes into view. It is wielding a giant club.
You see here a hobgoblin corpse.
Casting: Call Imp
Confirm with . or Enter, or press ? or * to list all spells.
A beastly little devil appears in a puff of flame.
Your crimson imp blinks!
You scratch the ogre.
The ogre begins to bleed from its wounds!
The ogre is lightly wounded.
Your crimson imp blinks!
Your crimson imp closely misses the ogre.
The ogre hits you with a giant club!
Ouch! That really hurt!
You die...

#######
#@5..<#
#O#####
#ยง......#
#########


You could see an ogre (bleeding) and a friendly crimson imp.

Vanquished Creatures
  An adder (D:2)
  2 bats
  A ball python (D:3)
  A giant newt (D:3)
  A rat (D:2)
6 creatures vanquished.

Vanquished Creatures (collateral kills)
  An ooze (D:2)
  3 giant cockroaches
  A hobgoblin (D:5)
  2 jackals (D:5)
  A goblin (D:2)
  2 kobolds
  4 rats
14 creatures vanquished.

Vanquished Creatures (others)
  A crimson imp (D:4)
  A rat (D:1)
2 creatures vanquished.

Grand Total: 22 creatures vanquished

Notes
Turn   | Place    | Note
--------------------------------------------------------------
     0 | D:1      | timbw, the Felid Summoner, began the quest for the Orb.
     0 | D:1      | Reached XP level 1. HP: 7/7 MP: 4/4
   124 | D:2      | Reached XP level 2. HP: 4/11 MP: 0/5
   136 | D:2      | Learned a level 2 spell: Call Imp
   359 | D:3      | Noticed Sigmund
   571 | D:5      | Entered Level 5 of the Dungeon
   615 | D:5      | Noticed an ogre
   618 | D:5      | Slain by an ogre

Action                   || total
-------------------------++-------
Melee: Unarmed           ||    18
 Cast: Summon Small Mamm ||     9
       Call Imp          ||    14
 Stab: Sleeping          ||     4
  Eat: Chunk             ||     3
